 Dungeon Crawl Stone Soup version 0.27-a0-668-gb5737ff2c0 (webtiles) character file.

Game seed: 7004041516359754638

8 Lanoc the Covered (level 2, -1/24 HPs)
             Began as a Hill Orc Wanderer on Mar 17, 2021.
             Slain by a jackal (3 damage)
             ... on level 1 of the Dungeon.
             The game lasted 00:00:52 (290 turns).

Lanoc the Covered (Hill Orc Wanderer)                Turns: 290, Time: 00:00:53

Health: -1/24      AC:  2    Str: 14    XL:     2   Next: 8%
Magic:  4/4        EV: 11    Int: 10    God:
Gold:   0          SH:  0    Dex: 12    Spells: 3/4 levels left

rFire    . . .     SeeInvis .   a - +0 mace
rCold    . . .     Faith    .   (no shield)
rNeg     . . .     Spirit   .   e - +0 robe
rPois    .         Reflect  .   (no helmet)
rElec    .         Harm     .   (no cloak)
rCorr    .         Rampage  .   (no gloves)
Will     .....                  (no boots)
Stlth    +.........             (no amulet)
HPRegen  0.08/turn              (no ring)
MPRegen  0.09/turn              (no ring)

@: no status effects
A: no striking features
a: no special abilities


You were on level 1 of the Dungeon.
You visited 1 branch of the dungeon, and saw 1 of its levels.

Inventory:

Hand Weapons
 a - a +0 mace (weapon)
 d - a +0 dagger
Missiles
 c - 6 poisoned darts (quivered)
Armour
 e - a +0 robe (worn)


   Skills:
 + Level 2.0 Fighting
 - Level 1.0 Throwing
 + Level 2.6 Armour
 - Level 1.1 Shields
 - Level 1.5 Spellcasting
 - Level 1.0 Summonings
 - Level 1.5 Air Magic


You had 3 spell levels left.
You knew the following spells:

 Your Spells              Type           Power      Damage    Failure   Level
a - Magic Dart            Conj           0%         1d3       32%         1

Your spell library contained the following spells:

 Spells                   Type           Power      Damage    Failure   Level
 Call Imp                 Summ           2%         N/A       32%         2
 Blink                    Tloc           N/A        N/A       45%         2
 Slow                     Hex            0%         N/A       45%         2
 Mephitic Cloud           Conj/Pois/Air  1%         N/A       63%         3
 Conjure Flame            Conj/Fire      0%         6-21      69%         3


Dungeon Overview and Level Annotations

Branches:
Dungeon (1/15)

Altars:


Message History

You closely miss the jackal.
The jackal is heavily wounded.
The jackal barely misses you. The jackal bites you.
* * * LOW HITPOINT WARNING * * *
You aren't carrying any potions.
Throw: 11 darts (poison)
Press: ? - help, Q - select action, (/) - cycle Shift-Dir - straight line, f - jackal
Aim: a jackal (heavily wounded, 47% to hit)
You throw a poisoned dart. The poisoned dart misses the jackal.
The jackal barely misses you.
Throw: 10 darts (poison)
Press: ? - help, Q - select action, (/) - cycle Shift-Dir - straight line, f/p - jackal
Aim: a jackal (heavily wounded, 47% to hit)
You throw a poisoned dart.
The poisoned dart closely misses the jackal.
The jackal barely misses you.
The jackal bites you but does no damage.
Throw: 9 darts (poison)
Press: ? - help, Q - select action, (/) - cycle Shift-Dir - straight line, f/p - jackal
Aim: a jackal (heavily wounded, 47% to hit)
You throw a poisoned dart.
The poisoned dart barely misses the jackal.
The jackal bites you.
* * * LOW HITPOINT WARNING * * *
Throw: 8 darts (poison)
Press: ? - help, Q - select action, (/) - cycle Shift-Dir - straight line, f/p - jackal
Aim: a jackal (heavily wounded, 47% to hit)
You throw a poisoned dart. The poisoned dart hits the jackal.
The jackal is poisoned.
The jackal is heavily wounded.
The jackal closely misses you.
You kill the jackal!
Your Fighting skill increases to level 2!
Throw: 7 darts (poison)
Press: ? - help, Q - select action, (/) - cycle Shift-Dir - straight line, f - jackal
Aim: a jackal (50% to hit)
You throw a poisoned dart. The poisoned dart hits the jackal.
The jackal is poisoned.
The jackal bites you.
You die...

#.≈.≈≈≈≈≈..≈.≈.
#.≈..≈≈.≈..≈≈≈#
##...#....≈≈≈..#
#...##..#..≈≈..#
###..####.≈≈≈.##
##
#######..#.##...##
.. ..##.##...###..
.##.
#.#.#.##...####
..... #@.# #.#..##
......##h## #..##
......w(## ##.#
......##.## ##.##
..#.# #hh###.## ..
#...#..#
......!...#.#.#
##+#####.###...
#.# #.#.#


You could see a jackal (poisoned).

Vanquished Creatures
  2 goblins (D:1)
  2 jackals (D:1)
  2 bats (D:1)
  2 rats (D:1)
8 creatures vanquished.

Notes
Turn   | Place    | Note
-------+----------+-------------------------------------------
     0 | D:1      | Lanoc the Hill Orc Wanderer began the quest for the Orb.
     0 | D:1      | Lanoc set off with the following items: a +0 mace, 11
                  | poisoned darts, a +0 dagger, a +0 robe; and the following
                  | spell memorised: Magic Dart; and the following spells
                  | available to memorise: Call Imp, Blink, Slow, Mephitic
                  | Cloud, Conjure Flame
     0 | D:1      | Reached XP level 1. HP: 16/16 MP: 3/3
   282 | D:1      | Reached XP level 2. HP: 10/24 MP: 4/4
   290 | D:1      | Slain by a jackal

Illustrated notes

Levels and vault maps discovered:
D:1:      dpeg_arrival_subterranean_lakeside_camping, layout_loops_corners,
          serial_shops, shop_fountains

Skill      XL: |  1  2 |
---------------+-------+-----
Fighting       | 2 |  2.0
Throwing       | |  1.0
Armour         | |  2.6
Shields        | |  1.1
Spellcasting   | |  1.5
Summonings     | |  1.0
Air Magic      | |  1.5

Action                   || total
-------------------------++-------
Melee: Mace              ||    18
Throw: Dart              ||     5
 Stab: Sleeping          ||     1
Armor: Robe              ||     7
Dodge: Dodged            ||    19

Table legend: (Time is in decaauts)
 A = Elapsed time spent in this place.
 B = Non-inter-level travel time spent in this place.
 C = Inter-level travel time spent in this place.
 D = Time resting spent in this place.
 E = Time spent auto-exploring this place.
 F = Levels seen in this place.
 G = Mean time per level.
                   A        B        C        D        E       F      G
               +--------+--------+--------+--------+--------+-----+--------+
         Total |    298 |    298 |      0 |      0 |    249 |   1 |  298.0 |
       Dungeon |    298 |    298 |      0 |      0 |    249 |   1 |  298.0 |
               +--------+--------+--------+--------+--------+-----+--------+

Top non-repeatable levels by time:
     D:1: 298 daAuts
